 Dungeon Crawl Stone Soup version 0.21.1-1-g345015f (webtiles) character file.

105 yevrey the Ruffian (level 4, -2/41 HPs)
             Began as a Minotaur Berserker on Mar 22, 2018.
             Was a Believer of Trog.
             Slain by mole0619's ghost (8 damage)
             ... on level 3 of the Dungeon.
             The game lasted 00:05:34 (2359 turns).

yevrey the Ruffian (Minotaur Berserker)             Turns: 2359, Time: 00:05:36

Health: -2/41      AC:  2    Str: 21    XL:     4   Next: 53%
Magic:  3/3        EV: 12    Int:  4    God:    Trog [**....]
Gold:   120        SH:  0    Dex: 11    Spells: 3/3 levels left

rFire    . . .     SeeInvis .     - Unarmed
rCold    . . .     Gourm    .   (no shield)
rNeg     . . .     Faith    .   a - +0 animal skin
rPois    .         Spirit   .   (helmet restricted)
rElec    .         Reflect  .   (no cloak)
rCorr    .         Harm     .   (no gloves)
MR       .....                  (no boots)
Stlth    +.........             (no amulet)
HPRegen  0.13/turn              (no ring)
MPRegen  0.08/turn              (no ring)

@: confused
A: retaliatory headbutt, horns 2
a: Berserk, Trog's Hand, Burn Spellbooks, Renounce Religion


You were on level 3 of the Dungeon.
You worshipped Trog.
Trog was pleased with you.
You were hungry.

You visited 1 branch of the dungeon, and saw 3 of its levels.

You collected 120 gold pieces.

Inventory:

Hand Weapons
 j - a cursed -2 mace
 n - a cursed +0 hand axe
 s - a cursed -1 dagger
Missiles
 t - 3 tomahawks (quivered)
Armour
 a - a +0 animal skin (worn)
 k - a +0 scale mail
Wands
 q - a wand of iceblast (15)
Scrolls
 d - a scroll of noise {unknown}
 e - 2 scrolls of teleportation {unknown}
 g - 2 scrolls of amnesia {unknown}
 i - a scroll of enchant weapon {unknown}
 m - a scroll of identify {unknown}
Potions
 c - 2 potions of heal wounds {unknown}
 f - a potion of berserk rage {unknown}
 h - a potion of degeneration {unknown}
 l - a potion of might {unknown}
 o - 2 potions of curing {unknown}
 p - a potion of brilliance {unknown}
 r - a potion of ambrosia {unknown}
Comestibles
 b - 2 rations


   Skills:
 + Level 4.9 Fighting
 + Level 2.4 Armour
 - Level 2.1 Dodging
 + Level 5.0 Unarmed Combat


You had 3 spell levels left.
You didn't know any spells.

Dungeon Overview and Level Annotations

Branches:
Dungeon (3/15)

Altars:
Dithmenos
Wu Jian
Xom

Annotations:
D:3 Sigmund; mole0619's ghost, amateur FoFi


Innate Abilities, Weirdness & Mutations

You reflexively headbutt those who attack you in melee.
You have a pair of horns on your head.


Message History

Sigmund's hands start flickering wildly.
Sigmund points at you and mumbles some strange words.
You resist with some effort.
Mole0619's ghost turns its malevolent gaze towards you.
You hit mole0619's ghost but do no damage.
Your headbutt misses mole0619's ghost. Mole0619's ghost closely misses you.
You furiously retaliate!
You headbutt mole0619's ghost, but do no damage.
You hit mole0619's ghost but do no damage.
Mole0619's ghost hits you!
* * * LOW HITPOINT WARNING * * *
Sigmund casts a spell at you.
You are confused.
You hit mole0619's ghost. Your headbutt misses mole0619's ghost.
Mole0619's ghost is lightly damaged.
Sigmund giggles. "Time to reap what you sow."
Sigmund points at you and mumbles some strange words.
You are more confused.
Mole0619's ghost hits you!
You die...

#.# #.....#.<....#
##.# #.....#.##.#.#
#@.# ###.###.##.#.#
#.## #........#.# #.#
#########.#..#.#
##@###......##.#..#.#
#...##.####.##......#
#.#...W...#.###...###
#...##@##.........#
######.##.........#
#......#######
#####.## #.. #.. #..
#.


You could see Sigmund and mole0619's ghost.

Vanquished Creatures
  Terence (D:2)
  3 adders
  2 oozes
  A worm (D:2)
  A leopard gecko (D:3)
  3 orcs (D:3)
  A ball python (D:2)
  A giant cockroach (D:2)
  7 hobgoblins
  2 jackals (D:1)
  5 kobolds
  4 bats
  A frilled lizard (D:2)
  2 goblins
  6 rats
40 creatures vanquished.

Vanquished Creatures (others)
  4 toadstools (D:1)
4 creatures vanquished.

Grand Total: 44 creatures vanquished

Notes
Turn   | Place    | Note
-------+----------+-------------------------------------------
     0 | D:1      | yevrey the Minotaur Berserker began the quest for the Orb.
     0 | D:1      | Reached XP level 1. HP: 19/19 MP: 0/0
   400 | D:1      | Reached XP level 2. HP: 27/27 MP: 1/1
   471 | D:2      | Noticed Terence
   485 | D:2      | HP: 2/40 [Terence/mace (2)]
   486 | D:2      | Killed Terence
   486 | D:2      | Reached skill level 4 in Unarmed Combat
   486 | D:2      | Reached XP level 3. HP: 3/34 MP: 2/2
  1230 | D:3      | Found a shimmering altar of Xom.
  1437 | D:2      | Reached ** piety under Trog
  1449 | D:2      | Found an ornate altar of the Wu Jian Council.
  1451 | D:2      | Reached XP level 4. HP: 34/41 MP: 3/3
  1552 | D:3      | Noticed mole0619's ghost (amateur FoFi)
  1716 | D:2      | You fall through a shaft!
  1722 | D:2      | Found a shadowy altar of Dithmenos.
  1886 | D:2      | Found a shimmering altar of Xom.
  2316 | D:3      | Reached skill level 5 in Unarmed Combat
  2336 | D:3      | Noticed Sigmund
  2359 | D:3      | Slain by mole0619's ghost

Skill      XL: |  1  2  3  4 |
---------------+-------------+-----
Fighting       | 4 |  4.9
Unarmed Combat | 4 5 |  5.0
Armour         | |  2.4
Dodging        | |  2.1

Action                   |  1- 3 |  4- 6 || total
-------------------------+-------+-------++-------
Melee: Unarmed           |    68 |    32 ||   100
       Headbutt          |    11 |     2 ||    13
       Punch             |     1 |       ||     1
Invok: Berserk           |     1 |       ||     1
 Stab: Sleeping          |     1 |     1 ||     2
  Eat: Chunk             |     3 |     2 ||     5
Armor: Animal skin       |    12 |     1 ||    13
Dodge: Dodged            |    36 |    26 ||    62
